 Dungeon Crawl Stone Soup version 0.19.0-16-g73b5abf (webtiles) character file.

146 Leibowitz the Poker (level 5, -2/40 HPs)
             Began as a Merfolk Gladiator on Nov 10, 2016.
             Slain by Leibowitz's ghost (8 damage)
             ... on level 3 of the Dungeon.
             The game lasted 00:06:23 (3289 turns).

Leibowitz the Poker (Merfolk Gladiator)             Turns: 3289, Time: 00:06:23

Health: -2/40      AC:  8    Str: 16    XL:     5   Next: 28%
Magic:  5/5        EV: 14    Int:  7    God:
Gold:   130        SH:  0    Dex: 15    Spells: 0 memorised, 4 levels left

rFire  + . .     SeeInvis .     a - +0 trident
rCold  . . .     Gourm    .     n - +2 leather armour {rF+}
rNeg   . . .     Faith    .     (no shield)
rPois  .         Spirit   .     b - +2 helmet
rElec  .         Reflect  .     (no cloak)
rCorr  .         Harm     .     (no gloves)
MR     .....                    (no boots)
Stlth  +.........               (no amulet)
                                (no ring)
                                (no ring)

@: no status effects
A: change form in water, swift swim, stealthy swim
a: no special abilities


You were on level 3 of the Dungeon.
You were hungry.

You visited 1 branch of the dungeon, and saw 3 of its levels.

You collected 130 gold pieces.

Inventory:

Hand Weapons
 a - a +0 trident (weapon)
Missiles
 d - 3 throwing nets (quivered)
 h - 2 javelins
Armour
 b - a +2 helmet (worn)
 n - a +2 leather armour of fire resistance (worn)
Scrolls
 i - 2 scrolls of amnesia {unknown}
 j - 3 scrolls of magic mapping {unknown}
 m - 2 scrolls of teleportation {unknown}
 o - a scroll of noise {unknown}
Potions
 e - 2 potions of ambrosia {unknown}
 g - a potion of flight {unknown}
 l - a potion of degeneration {unknown}
Comestibles
 c - a beef jerky
 f - a bread ration
 k - 3 meat rations


   Skills:
 + Level 2.9 Fighting
 + Level 6.0 Polearms
 + Level 2.4 Throwing
 + Level 1.4 Armour
 + Level 4.9 Dodging
 + Level 0.5 Stealth


You had 4 spell levels left.
You didn't know any spells.

Dungeon Overview and Level Annotations

Branches:
Dungeon (3/15)

Altars:

Annotations:
D:3 Leibowitz's ghost, amateur MfGl


Message History

You hit Leibowitz's ghost but do no damage.
Leibowitz's ghost is severely damaged.
Leibowitz's ghost hits you!
* * * LOW HITPOINT WARNING * * *
You hit Leibowitz's ghost.
Leibowitz's ghost is almost destroyed.
Leibowitz's ghost closely misses you.
You closely miss Leibowitz's ghost.
Leibowitz's ghost is almost destroyed.
Leibowitz's ghost closely misses you.
You barely miss Leibowitz's ghost.
Leibowitz's ghost is almost destroyed.
Leibowitz's ghost hits you but does no damage.
You miss Leibowitz's ghost.
Leibowitz's ghost is almost destroyed.
Leibowitz's ghost barely misses you.
You barely miss Leibowitz's ghost.
Leibowitz's ghost is almost destroyed.
Leibowitz's ghost hits you!
You die...

#...W##
#....<#
.#####
#.!...#
###.#...
#.....#
......#
##..#.#
......#
#.g#..
...#.##
#..#..
...... ..
#.# ###W.#
##. ...
#.@..#.# ..
#...>#.#
.w..##...#.#
.......†.#.#
###.###..#.#
.........#.#
###..##.##.#
#.........#
#.#.##.####


You could see Leibowitz's ghost.

Vanquished Creatures
  An orc wizard (D:2)
  A gnoll (D:2)
  3 adders (D:2)
  4 worms (D:2)
  A dart slug (D:1)
  2 leopard geckos (D:1)
  6 orcs (D:2)
  6 bats
  3 giant cockroaches
  5 goblins
  7 hobgoblins
  4 jackals (D:2)
  A ball python (D:1)
  3 frilled lizards (D:1)
  12 kobolds
  3 rats
62 creatures vanquished.

Notes
Turn   | Place    | Note
-------+----------+-------------------------------------------
     0 | D:1      | Leibowitz the Merfolk Gladiator began the quest for the Orb.
     0 | D:1      | Reached XP level 1. HP: 16/16 MP: 1/1
   144 | D:1      | Reached XP level 2. HP: 10/23 MP: 2/2
   931 | D:1      | Reached XP level 3. HP: 24/28 MP: 3/3
  1080 | D:1      | Reached skill level 5 in Polearms
  1883 | D:2      | Reached XP level 4. HP: 32/34 MP: 4/4
  2223 | D:3      | Noticed Leibowitz's ghost (amateur MfGl)
  2539 | D:2      | Reached skill level 1 in Armour
  2877 | D:2      | Reached XP level 5. HP: 23/40 MP: 5/5
  3060 | D:2      | Reached skill level 6 in Polearms
  3289 | D:3      | Slain by Leibowitz's ghost

Skill      XL: |  1  2  3  4  5 |
---------------+----------------+-----
Polearms       | 5 6 |  6.0
Armour         | 1 |  1.4
Fighting       | |  2.9
Throwing       | |  2.4
Dodging        | |  4.9
Stealth        | |  0.5

Action                   |  1- 3 |  4- 6 || total
-------------------------+-------+-------++-------
Melee: Trident           |   193 |   116 ||   309
  Eat: Chunk             |     2 |     5 ||     7
Armor: Leather armour    |    48 |    31 ||    79
Dodge: Dodged            |   141 |    71 ||   212
